 Dungeon Crawl Stone Soup version 0.20.0-8-g6b59dc7 (webtiles) character file.

903 miragecloak the Martial Artist (level 8, -4/48 HPs)
             Began as an Octopode Transmuter on June 2, 2017.
             Killed from afar by vonhedlund's ghost (6 damage)
             ... with a magic dart
             ... on level 6 of the Dungeon.
             The game lasted 00:05:21 (5277 turns).

miragecloak the Martial Artist (OpTm)               Turns: 5277, Time: 00:05:22

Health: -4/48      AC:  1    Str:  9    XL:     8   Next: 7%
Magic:  11/11      EV: 13    Int: 15    God:
Gold:   318        SH:  0    Dex: 15    Spells: 7/11 levels left

rFire    . . .     SeeInvis .     - Unarmed
rCold    . . .     Gourm    .   (no shield)
rNeg     . . .     Faith    .   (helmet restricted)
rPois    .         Spirit   .   (no amulet)
rElec    .         Reflect  .   (no ring)
rCorr    .         Harm     .   (no ring)
MR       .....                  (no ring)
Stlth    ++........             (no ring)
Regen    0.2/turn               (no ring)
MPRegen  0.2/turn               (no ring)
                                (no ring)
                                (no ring)

@: no status effects
A: almost no armour, stealthy swim, amphibious, 8 rings, constrict 8, camouflage
1, gelatinous body 1
a: no special abilities


You were on level 6 of the Dungeon.
You were near starving.

You visited 1 branch of the dungeon, and saw 6 of its levels.

You collected 318 gold pieces.

Inventory:

Missiles
 a - 103 arrows
Jewellery
 e - a cursed amulet of inaccuracy {unknown}
 p - an uncursed ring of protection from magic {unknown}
 u - an uncursed ring of positive energy {unknown}
 z - an uncursed ring of fire {unknown}
Wands
 s - a wand of polymorph (15/24)
 v - a wand of digging (14/24)
 A - a wand of iceblast (6/15)
Scrolls
 d - 4 scrolls of remove curse {unknown}
 f - 2 scrolls of amnesia {unknown}
 i - a scroll of recharging {unknown}
 j - a scroll of teleportation {unknown}
 n - 6 scrolls of identify {unknown}
 r - a scroll of random uselessness {unknown}
 w - a scroll of immolation {unknown}
 x - a scroll of blinking {unknown}
 y - a scroll of noise {unknown}
Potions
 g - 3 potions of curing {unknown}
 k - a potion of resistance {unknown}
 l - a potion of agility {unknown}
 m - 4 potions of heal wounds {unknown}
 q - a potion of invisibility {unknown}
 t - a potion of haste {unknown}
 B - a potion of lignification {unknown}
Books
 b - a book of Changes

   Spells                             Type                      Level
   a - Beastly Appendage              Transmutation                1
   b - Sticks to Snakes               Transmutation                2
   c - Spider Form                    Transmutation/Poison         3
   d - Ice Form                       Ice/Transmutation            4
   e - Blade Hands                    Transmutation                5
Comestibles
 c - 4 bread rations
 h - 2 royal jellies
 o - a meat ration


   Skills:
 - Level 1.0 Fighting
 - Level 2.0 Dodging
 + Level 8.2 Unarmed Combat
 - Level 2.0 Spellcasting
 - Level 4.0 Transmutations
 - Level 3.1 Poison Magic


You had 7 spell levels left.
You knew the following spells:

 Your Spells              Type           Power        Failure   Level  Hunger
a - Beastly Appendage     Tmut           ##....       4%          1    #......
b - Spider Form           Tmut/Pois      ##........   16%         3    ###....


Dungeon Overview and Level Annotations

Branches:
Dungeon (6/15)             Temple (0/1) D:5

Altars:
Cheibriados
Kikubaaqudgha
Makhleb
Nemelex Xobeh
Okawaru
Sif Muna
Yredelemnul

Shops:
D:5 [

Annotations:
D:6 vonhedlund's ghost, novice DrCj


Innate Abilities, Weirdness & Mutations

You cannot wear most types of armour.
You are very stealthy in the water. (Stealth+)
You are amphibious.
You can wear up to eight rings at the same time.
You can use your tentacles to constrict eight enemies at once.
Your skin changes colour to match your surroundings (Stealth+).
Your rubbery body absorbs attacks. (AC +1, EV +1)


Message History

Vonhedlund's ghost hits you.
Vonhedlund's ghost casts a spell at you.
The magic dart hits you!
Your transformation has ended.
Vonhedlund's ghost casts a spell at you.
The magic dart hits you!
Vonhedlund's ghost casts a spell at you.
The magic dart hits you!
Vonhedlund's ghost gestures at you while chanting.
The magic dart hits you!
Vonhedlund's ghost points at you and mumbles some strange words.
The magic dart hits you!
* * * LOW HITPOINT WARNING * * *
Vonhedlund's ghost points at you and mumbles some strange words.
The magic dart hits you!
* * * LOW HITPOINT WARNING * * *
Vonhedlund's ghost threatens, "Do not fail me, O fires of Iskenderun!"
Vonhedlund's ghost points at you and mumbles some strange words.
The magic dart hits you!
You die...

##### .....# #...#
..... #####.#.#######
.... .......@.......
... ###.........### ..
#.........# .#
#########...).....#
.###......##.........#
..........##.........#
.###......##.........#
.# #......##....W....#
.# #......##....[....#


You could see vonhedlund's ghost.

Vanquished Creatures
  An ogre (D:4)
  2 howler monkeys (D:4)
  2 crimson imps (D:5)
  A bullfrog zombie (D:6)
  8 hounds
  An orc priest (D:5)
  An iguana (D:4)
  2 orc wizards
  A worker ant (D:4)
  A worker ant zombie (D:5)
  8 adders
  7 gnolls
  A shadow imp (D:5)
  2 oozes
  An adder zombie (D:4)
  7 worms
  6 leopard geckos
  6 orcs
  6 giant cockroaches
  A goblin (D:1)
  6 hobgoblins
  4 jackals (D:3)
  2 quokkas
  6 bats
  5 frilled lizards
  9 kobolds
  7 rats
104 creatures vanquished.

Notes
Turn   | Place    | Note
-------+----------+-------------------------------------------
     0 | D:1      | miragecloak the Octopode Transmuter began the quest for the Orb.
     0 | D:1      | Reached XP level 1. HP: 13/13 MP: 3/3
   344 | D:1      | Reached XP level 2. HP: 16/18 MP: 3/5
   750 | D:2      | Found a faded altar of an unknown god.
   847 | D:2      | Reached XP level 3. HP: 7/23 MP: 4/6
  1081 | D:2      | Learned a level 3 spell: Spider Form
  1205 | D:2      | Reached skill level 1 in Poison Magic
  1300 | D:2      | Reached XP level 4. HP: 17/28 MP: 3/7
  1981 | D:3      | Found an ancient bone altar of Kikubaaqudgha.
  2172 | D:3      | Reached XP level 5. HP: 33/33 MP: 5/8
  2532 | D:4      | Reached skill level 4 in Unarmed Combat
  2643 | D:4      | Noticed an ogre
  2670 | D:4      | Killed an ogre
  2670 | D:4      | Reached XP level 6. HP: 38/38 MP: 7/9
  2702 | D:4      | Found a snail-covered altar of Cheibriados.
  2710 | D:4      | Reached skill level 5 in Unarmed Combat
  3312 | D:4      | Reached skill level 6 in Unarmed Combat
  3312 | D:4      | Reached XP level 7. HP: 28/43 MP: 6/10
  3403 | D:5      | Entered Level 5 of the Dungeon
  3408 | D:5      | Found a basalt altar of Yredelemnul.
  3527 | D:5      | Found a sparkling altar of Nemelex Xobeh.
  4302 | D:5      | Reached skill level 7 in Unarmed Combat
  4327 | D:5      | Found a deep blue altar of Sif Muna.
  4402 | D:5      | Found Isaoq's Antique Armour Shop.
  4453 | D:5      | Found a burning altar of Makhleb.
  4762 | D:5      | Found an iron altar of Okawaru.
  4810 | D:5      | Found a staircase to the Ecumenical Temple.
  4945 | D:5      | Reached skill level 8 in Unarmed Combat
  5108 | D:6      | Reached XP level 8. HP: 48/48 MP: 7/11
  5242 | D:6      | Noticed vonhedlund's ghost (novice DrCj)
  5275 | D:6      | HP: 2/48 [vonhedlund's ghost/magic dart (8)]
  5277 | D:6      | Killed from afar by vonhedlund's ghost

Skill      XL: |  1  2  3  4  5  6  7 |
---------------+----------------------+-----
Transmutations | 3 4 |  4.0
Poison Magic   | 1 3 |  3.1
Unarmed Combat | 4 6 8 |  8.2
Fighting       | |  1.0
Dodging        | |  2.0
Spellcasting   | |  2.0

Action                   |  1- 3 |  4- 6 |  7- 9 || total
-------------------------+-------+-------+-------++-------
Melee: Unarmed           |    70 |   133 |   126 ||   329
       Constrict         |    13 |     5 |     6 ||    24
       Tentacles         |     9 |     3 |     3 ||    15
       Kick              |     7 |       |       ||     7
       Punch             |     2 |       |     1 ||     3
 Cast: Beastly Appendage |    20 |       |       ||    20
       Spider Form       |     5 |    27 |    24 ||    56
 Stab: Sleeping          |     8 |     2 |       ||    10
       Distracted        |       |     1 |       ||     1
  Eat: Chunk             |     1 |    11 |     9 ||    21
Armor: Skin              |     5 |     6 |     4 ||    15
Dodge: Dodged            |    47 |    98 |    92 ||   237
